 Dungeon Crawl Stone Soup version 0.29.0-4-gdea44cf6ec (webtiles) character file.

Game seed: 2376491415666838482

81 xian the Cudgeller (level 4, -3/45 HPs)
             Began as a Troll Chaos Knight on Aug 28, 2022.
             Was a Plaything of Xom.
             Slain by Grinder (7 damage)
             ... on level 2 of the Dungeon.
             The game lasted 00:04:46 (1528 turns).

xian the Cudgeller (Troll Chaos Knight)             Turns: 1528, Time: 00:04:47

Health: -3/45      AC:  6    Str: 17 (20) XL:     4   Next: 19%
Magic:  3/3        EV:  9    Int:  9 (10) God:    Xom [*.....]
Gold:   134        SH:  0    Dex:  6 (9)  Spells: 3/3 levels left

rFire   . . .      SeeInvis .   a - +0 mace (chaos)
rCold   . . .      Faith    .   (no shield)
rNeg    . . .      Spirit   .   b - +2 robe
rPois   .          Reflect  .   (helmet restricted)
rElec   .          Harm     .   (no cloak)
rCorr   .          Rampage  .   (gloves unavailable)
Will    .....                   (boots unavailable)
Stlth   +.........              (no amulet)
HPRegen 0.95/turn               (no ring)
MPRegen 0.08/turn               (no ring)

@: lethally poisoned (-3 -> -5)
A: large, unfitting armour, claws 3, regeneration 1, shaggy fur 1, tough skin 1
a: Renounce Religion


You were on level 2 of the Dungeon.
You worshipped Xom.
You were a special plaything of Xom.
You visited 1 branch of the dungeon, and saw 3 of its levels.

You collected 134 gold pieces.

Inventory:

Hand Weapons
 a - a +0 mace of chaos (weapon)
Armour
 b - a +2 robe (worn)
Scrolls
 d - 2 scrolls of enchant weapon {unknown}
 e - a scroll of identify {unknown}
 f - a scroll of noise {unknown}
 g - a scroll of magic mapping {unknown}
 h - 2 scrolls of fear {unknown}
 i - a scroll of enchant armour {unknown}
 m - a scroll of teleportation {unknown}
 n - a scroll of blinking {unknown}
Potions
 j - a potion of curing {unknown}
 l - a potion of lignification {unknown}
Miscellaneous
 c - a piece from Xom's chessboard (14/15) (quivered)


   Skills:
 + Level 3.0 Fighting
 + Level 3.6 Maces & Flails
 + Level 2.5 Dodging
 + Level 0.1 Stealth


You had 3 spell levels left.
You didn't know any spells.
Your spell library contained the following spells:

 Spells                   Type           Power      Damage    Failure   Level
 Sandblast                Erth           0%         2d4       38%         1
 Passwall                 Tmut/Erth      0%         N/A       52%         2
 Static Discharge         Conj/Air       0%         3-3/arc   52%         2
 Stone Arrow              Conj/Erth      0%         3d7       77%         3
 Lightning Bolt           Conj/Air       0%         1d11      100%        5
 Maxwell's Capacitive Co  Air            0%         ∞         100%        8


Dungeon Overview and Level Annotations

Branches:
Dungeon (3/15)

Altars:

Annotations:
D:2 Grinder
D:3 Natasha, Sigmund


Innate Abilities, Weirdness & Mutations

You are too large for most types of armour.
You have claws for hands.
Your natural rate of healing is unusually fast.
You are covered in fur. (AC +1)
You have tough skin. (AC +1)


Message History

You feel very sick.
The kobold throws a poisoned dart.
The poisoned dart hits you!
You are more poisoned.
You feel very sick.
You bump into the rock wall.
You feel very sick.
Grinder says, "Mostly I couldn't keep them alive."
Grinder gestures at you.
You barely resist. Something hits you.
You feel less confused.
You feel very sick.
The kobold throws a poisoned dart.
The poisoned dart hits you!
You are more poisoned.
There is an open door here.
You feel very sick.
There is a stone staircase leading up here.
You feel very sick. Grinder hits you!
* * * LOW HITPOINT WARNING * * *
You climb upwards.
Reactivating autopickup.
* * * LOW HITPOINT WARNING * * *
You feel very sick.
There is a stone staircase leading down here.
Okay, then.
Okay, then.
Okay, then.
Okay, then.
You make a move on Xom's chessboard...
Grinder flickers and vanishes!
Deactivating autopickup; reactivate with Ctrl-A.
You feel sick.
Unknown command.
You can't see anything.
Try to make a move anyway?
Okay, then.
It was a potion of degeneration.
There was something very wrong with that liquid.
You feel weakened.
You feel dopey.
You feel clumsy.
Xom thinks this is hilarious!
You feel sick. Something hits you!
You die...

#.# #.##.# #...#.# ##.###.##.##
#...#.# #...#......#### #...#.#
#.............# #.###.#
#...#......##.####.###.##
###....##.###.##........#######
#.#####........#.............
#.# #..#.......###..####### #.#
#.....@.....##......>.. #.#
##.#...###..#.......... #.#
#...........#...####### #.#
#...........#...#
#.#####.........#.#...#####
#............####.#.......#
#######...>..# #.#<.####.#
##.#...# #.#..# #.# #.#####
#.#..####.###


There were no monsters in sight!

Vanquished Creatures
  4 adders (D:2)
  A dart slug (D:3)
  4 endoplasms
  A giant cockroach (D:2)
  5 goblins
  5 hobgoblins
  5 quokkas
  7 ball pythons
  3 bats (D:2)
  A frilled lizard (D:1)
  4 kobolds
40 creatures vanquished.

Vanquished Creatures (others)
  A kobold (D:3)
1 creature vanquished.

Grand Total: 41 creatures vanquished

Notes
Turn   | Place    | Note
-------+----------+-------------------------------------------
     0 | D:1      | xian the Troll Chaos Knight began the quest for the Orb.
     0 | D:1      | Reached XP level 1. HP: 22/22 MP: 0/0
    25 | D:1      | XOM: silly message
   101 | D:1      | XOM: potion effect (curing)
   115 | D:1      | XOM: silly message
   138 | D:1      | HP: 1/22 [poisoned by a kobold]
   174 | D:1      | Reached XP level 2. HP: 29/29 MP: 1/1
   177 | D:1      | XOM: 4-stop teleportation journey
   392 | D:1      | XOM: smoke on damage
   817 | D:1      | XOM: draining
   838 | D:2      | XOM: stealth player
   880 | D:2      | Reached XP level 3. HP: 31/33 MP: 2/2
  1096 | D:2      | XOM: 5-stop teleportation journey
  1435 | D:2      | Reached XP level 4. HP: 44/45 MP: 3/3
  1495 | D:3      | Noticed Natasha
  1500 | D:3      | Noticed Sigmund
  1502 | D:3      | XOM: destruction
  1503 | D:3      | Noticed Grinder
  1528 | D:2      | Slain by Grinder

Illustrated notes

Levels and vault maps discovered:
D:1:      lemuel_arrival_river_ford, layout_basic
D:2:      layout_loops_ring
D:3:      layout_basic, overflow_temple_1_default,
          nicolae_hepliaklqana_monster_ancestors, uniq_natasha, uniq_jessica,
          uniq_sigmund, uniq_grinder

Skill      XL: |  1  2  3 |
---------------+----------+-----
Dodging        | 2 |  2.5
Maces & Flails | 3 |  3.6
Fighting       | 3 |  3.0
Stealth        | |  0.1

Action                   |  1- 3 |  4- 6 || total
-------------------------+-------+-------++-------
Melee: Mace              |   122 |     6 ||   128
       Punch             |     1 |       ||     1
Evoke: Piece from Xom's  |       |     1 ||     1
  Use: Potion            |     1 |     1 ||     2
 Stab: Sleeping          |     1 |       ||     1
Armor: Robe              |    87 |     1 ||    88
Dodge: Dodged            |   101 |     3 ||   104
